 Dungeon Crawl Stone Soup version 0.23.0-33-g5e6c059 (webtiles) character file.

Game seed: 16147562982357577766

0 Kairos the Skirmisher (level 1, -4/18 HPs)
             Began as a Formicid Abyssal Knight on Feb 26, 2019.
             Was a Follower of Lugonu.
             Slain by a large abomination (7 damage)
             ... on level 5 of the Abyss.
             The game lasted 00:02:18 (287 turns).

Kairos the Skirmisher (Formicid Abyssal Knight)      Turns: 287, Time: 00:02:19

Health: -4/18      AC:  3    Str: 13 (16) XL:     1   Next: 0%
Magic:  2/2        EV: 11    Int: 10 (11) God:    Lugonu [*.....]
Gold:   12         SH:  0    Dex:  9 (10) Spells: 0/0 levels left

rFire    . . .     SeeInvis +   a - +1 spear
rCold    . . .     Gourm    .   (no shield)
rNeg     . . .     Faith    .   b - +0 leather armour
rPois    .         Spirit   .   (helmet unavailable)
rElec    .         Reflect  .   (no cloak)
rCorr    .         Harm     .   (no gloves)
MR       .....                  (no boots)
Stlth    +.........             (no amulet)
HPRegen  0.06/turn              (no ring)
MPRegen  0.08/turn              (no ring)

@: no status effects
A: permanent stasis, dig shafts and tunnels, four strong arms, antennae 3
a: Dig, Shaft Self, Depart the Abyss, Renounce Religion


You were on level 5 of the Abyss.
You worshipped Lugonu.
Lugonu was aware of your devotion.
You were not hungry.

You visited 0 branches of the dungeon, and saw 0 of its levels.
You visited the Abyss 1 time.

You collected 12 gold pieces.

Inventory:

Hand Weapons
 a - a +1 spear (weapon)
Armour
 b - a +0 leather armour (worn)
Wands
 f - a wand of flame (8)
 h - a wand of acid (7)
 i - a wand of iceblast (6)
Scrolls
 d - a scroll of immolation {unknown}
 e - a scroll of holy word {unknown}
 g - a scroll of acquirement {unknown}
Comestibles
 c - 3 rations


   Skills:
 + Level 3.2 Fighting
 + Level 2.0 Polearms
 + Level 2.1 Armour
 + Level 0.8 Dodging
 + Level 2.1 Invocations


You couldn't memorise any spells.
You didn't know any spells.
Your spell library was empty.

Dungeon Overview and Level Annotations

Branches:
Dungeon (0/15)

Altars:


Innate Abilities, Weirdness & Mutations

You cannot be hasted, slowed, berserked, paralysed or teleported.
You can dig through walls and to a lower floor.
Your four strong arms can wield two-handed weapons with a shield.
You have a pair of large antennae on your head. (SInv)


Message History

You are engulfed in seething chaos.
Your transformation is almost over.
Found a scale mail.
Found a lead wand.
Found a copper wand and a scroll labeled ZEIGOC GUTEI.
Found a gateway leading out of the Abyss.
The blink frog blinks!
A large abomination comes into view.
You see here a wand of acid (7).
h - a wand of acid (7)
Your transformation has ended.
Your +1 spear unmelds from your body.
Your +0 leather armour unmelds from your body.
The large abomination hits you!
Ouch! That really hurt!
* * * LOW HITPOINT WARNING * * *
You see here a wand of iceblast (6).
i - a wand of iceblast (6)
The large abomination hits you!
You die...

.... #..... .....# .
##...###.[.###...###..
#.....#.....#.....# .
..............$......
. ...................
# ###.....F.##......##
#.. #....#...##.#####.
. ##..#....#.#...# ##.
#....∩@X#..#..#.# #
#..#.##.#........ .§
.....X#.....# #§.
...###........# #.#
..... .#.... .. ..
..## #....... ## #.. .
#...#.## . #.....


You could see 2 large abominations and a blink frog.

Vanquished Creatures (others)
  4 starspawn tentacles (Abyss:4)
4 creatures vanquished.

Notes
Turn   | Place    | Note
-------+----------+-------------------------------------------
     0 | Abyss:1  | Kairos the Formicid Abyssal Knight began the quest for the
                  | Orb.
     0 | Abyss:1  | Reached XP level 1. HP: 18/18 MP: 2/2
    65 | Abyss:1  | Found a corrupted altar of Lugonu.
   134 | Abyss:1  | Noticed a large abomination
   171 | Abyss:2  | Noticed a ynoxinul
   176 | Abyss:3  | Noticed a brown very ugly thing
   176 | Abyss:3  | Noticed an orange crystal statue
   176 | Abyss:3  | Noticed a cyan very ugly thing
   176 | Abyss:3  | Noticed a green very ugly thing
   176 | Abyss:3  | Noticed a neqoxec
   176 | Abyss:3  | Noticed a neqoxec
   176 | Abyss:3  | Noticed a glowing orange brain
   176 | Abyss:3  | Noticed a starcursed mass
   178 | Abyss:3  | Noticed a neqoxec
   178 | Abyss:3  | Noticed a neqoxec
   180 | Abyss:3  | Noticed a neqoxec
   187 | Abyss:3  | Noticed a large abomination
   222 | Abyss:4  | Noticed a tentacled starspawn
   222 | Abyss:4  | Noticed a large abomination
   234 | Abyss:5  | Entered Level 5 of the Abyss
   245 | Abyss:5  | Noticed an apocalypse crab
   259 | Abyss:5  | Noticed a blink frog
   266 | Abyss:5  | Found a corrupted altar of Lugonu.
   279 | Abyss:5  | Noticed a large abomination
   283 | Abyss:5  | Noticed a large abomination
   287 | Abyss:5  | Slain by a large abomination

Action                   || total
-------------------------++-------
  Use: Potion            ||     1
Dodge: Dodged            ||     3
